 Dungeon Crawl Stone Soup version 0.29.1-1-gd02db6906a (webtiles) character file.

Game seed: 10943391132465658161

2753 hawla the Arsonist (level 9, 0/45 HPs)
             Began as a Deep Elf Fire Elementalist on Sept 29, 2022.
             Was a Believer of Vehumet.
             Killed by divine providence
             ... invoked by an orc priest
              (12 damage)
             ... on level 6 of the Dungeon.
             The game lasted 00:19:07 (8296 turns).

hawla the Arsonist (Deep Elf Fire Elementalist)     Turns: 8296, Time: 00:19:09

Health: 0/45       AC:  8    Str:  5    XL:     9   Next: 41%
Magic:  10/28      EV: 13    Int: 31    God:    Vehumet [**....]
Gold:   436        SH:  3    Dex: 15    Spells: 8/19 levels left

rFire   . . .      SeeInvis .   z - staff of death
rCold   . . .      Faith    .   g - +0 buckler
rNeg    + . .      Spirit   .   a - +0 robe
rPois   .          Reflect  .   (no helmet)
rElec   .          Harm     .   q - +2 cloak {Will+}
rCorr   .          Rampage  .   t - +2 pair of gloves {Stlth+}
Will    +....                   (no boots)
Stlth   +++.......              (no amulet)
HPRegen 0.15/turn               j - ring of magical power
MPRegen 0.21/turn               l - +6 ring of intelligence

@: producing miasma
A: no striking features
a: Renounce Religion


You were on level 6 of the Dungeon.
You worshipped Vehumet.
Vehumet was pleased with you.
You visited 2 branches of the dungeon, and saw 8 of its levels.

You collected 436 gold pieces.

Inventory:

Hand Weapons
 p - a +3 quarterstaff of chaos
Missiles
 e - 15 poisoned darts (quivered)
Armour
 a - a +0 robe (worn)
 g - a +0 buckler (worn)
 q - a +2 cloak of willpower (worn)
 t - a +2 pair of gloves of stealth (worn)
Magical Staves
 f - a staff of poison
 z - a staff of death (weapon)
Jewellery
 j - a ring of magical power (left hand)
 k - a ring of magical power
 l - a +6 ring of intelligence (right hand)
 r - a ring of willpower
 s - a +6 ring of strength
Wands
 n - a wand of charming (10)
 o - a wand of polymorph (13)
 A - a wand of flame (23)
Scrolls
 c - 2 scrolls of enchant weapon
 h - a scroll of amnesia
 u - a scroll of teleportation
 w - a scroll of fear {unknown}
Potions
 b - 2 potions of magic
 d - 3 potions of curing
 i - 2 potions of flight
 m - 2 potions of heal wounds
 v - 2 potions of haste
 x - a potion of mutation {unknown}
 B - a potion of ambrosia
 C - a potion of brilliance {unknown}


   Skills:
 + Level 0.2 Fighting
 + Level 0.2 Staves
 + Level 3.8 Dodging
 - Level 2.4 Stealth
 + Level 0.1 Shields
 + Level 5.8 Spellcasting
 + Level 5.0 Conjurations
 + Level 5.4 Necromancy
 + Level 9.5 Fire Magic
 + Level 3.7 Air Magic
 + Level 4.3 Poison Magic
 + Level 1.0 Evocations


You had 8 spell levels left.
You knew the following spells:

 Your Spells              Type           Power      Damage    Failure   Level
a - Foxfire               Conj/Fire      100%       2x1d9     1%          1
b - Scorch                Fire           100%       2d10      1%          2
c - Flame Wave            Conj/Fire      53%        2d13      3%          4
d - Corpse Rot            Necr/Pois/Air  53%        N/A       11%         4

Your spell library contained the following spells:

 Spells                   Type           Power      Damage    Failure   Level
 Stone Arrow              Conj/Erth      48%        3d10      8%          3
 Poisonous Vapours        Pois/Air       68%        N/A       1%          2
 Conjure Flame            Conj/Fire      53%        6-21      1%          3
 Inner Flame              Hex/Fire       38%        N/A       2%          3


Dungeon Overview and Level Annotations

Branches:
Dungeon (7/15)             Temple (1/1) D:4

Altars:
Ashenzari
Cheibriados
Dithmenos
Elyvilon
Fedhas
Gozag
Hepliaklqana
Kikubaaqudgha
Nemelex Xobeh
Okawaru
Qazlal
Ru
Sif Muna
Trog
Uskayaw
Vehumet
Wu Jian
Xom
Yredelemnul
Zin
The Shining One

Shops:
D:7 !


Message History

The spell is quite dangerous to miscast (11% risk of failure)!
Continue anyway?
You feel a surge of power!
You radiate decay.
The gnoll sergeant hits you but does no damage.
Casting: Corpse Rot (quite dangerous; 11% risk of failure)
Confirm with . or Enter, or press ? or * to list all spells.
Casting: Flame Wave (dangerous; 3% risk of failure)
Press: ? - help, Dir - look around, f - activate A wave of flame ripples out!
The flame wave engulfs the ogre!!
You kill the ogre!
Vehumet accepts your kill. (Press . to intensify the flame waves.)
The gnoll sergeant hits you from afar with a +0 trident!
* * * LOW HITPOINT WARNING * * *
A wave of flame ripples out!
The flame wave engulfs the gnoll sergeant.
You kill the gnoll sergeant!
Vehumet accepts your kill.
Your Conjurations skill increases to level 5!
A wave of flame ripples out!
You finish channelling waves of flame.
The orc priest looks encouraged for a moment.
Casting: Flame Wave (dangerous; 3% risk of failure)
Confirm with . or Enter, or press ? or * to list all spells.
Flames lash the kobold.
You kill the kobold!
Vehumet accepts your kill.
The orc priest begins to cast a cantrip, but forgets the words!
An orc wizard comes into view. It is wielding a +0 dagger.
Casting: Scorch (safe; 1% risk of failure)
Confirm with . or Enter, or press ? or * to list all spells.
You conjure some foxfire!
The orc wizard casts a spell.
The orc wizard flickers and vanishes!
Deactivating autopickup; reactivate with Ctrl-A.
Casting: Foxfire (safe; 1% risk of failure)
Confirm with . or Enter, or press ? or * to list all spells.
You conjure some foxfire!
The foxfire hits the orc priest.
The orc priest is lightly wounded.
The orc priest calls down the wrath of Beogh upon you.
Beogh smites you!
You die...

#....,#PP..P.....#.
#''######♣.(.....#.
#..'....'........#.
#.)#..>.(........#.
#..#....'........#.
#..######........#.
#.°#,,,,#♣.......'.
#○v#,,,,*♣.♣)[...#.
#○@#,,,,*♣♣P.)####.
#v§#,,,,#♣P♣.))..).
#○v#,,,,#PPP.......
#.o',...#..........
#..',...#..........
#..#...O#♣P......).
#..#....*♣♣...####.
#..#..,,*♣PP..#..#.
*++******#♣......#.


You could see an orc priest (ally target).

Vanquished Creatures
  Sigmund (D:4)
  A wyvern (D:7)
  A sky beast (D:6)
  2 black bears (D:6)
  3 ogres (D:6)
  2 centaurs (D:6)
  2 bullfrogs
  A necrophage (D:7)
  A scorpion (D:6)
  3 gnoll sergeants
  4 wights (D:6)
  A howler monkey (D:5)
  3 jellies
  3 orc priests
  7 hounds
  A gnoll bouda (D:5)
  An iguana (D:5)
  Crazy Yiuf (D:2)
  7 orc wizards
  9 adders
  20 gnolls
  A shadow imp (D:5)
  A white imp (D:7)
  4 ufetubi
  2 worms (D:2)
  A dart slug (D:5)
  16 orcs
  7 ball pythons
  6 endoplasms
  4 giant cockroaches
  7 hobgoblins
  7 jackals
  6 bats
  5 frilled lizards
  7 goblins
  13 kobolds
  A rat (D:1)
162 creatures vanquished.

Vanquished Creatures (collateral kills)
  A foxfire (D:6)
1 creature vanquished.

Vanquished Creatures (others)
  291 foxfires
  10 plants (D:6)
301 creatures vanquished.

Grand Total: 464 creatures vanquished

Notes
Turn   | Place    | Note
-------+----------+-------------------------------------------
     0 | D:1      | hawla the Deep Elf Fire Elementalist began the quest for
                  | the Orb.
     0 | D:1      | Reached XP level 1. HP: 10/10 MP: 6/6
   207 | D:1      | Reached XP level 2. HP: 15/15 MP: 5/8
   210 | D:1      | Learned a level 2 spell: Scorch
   241 | D:1      | Reached skill level 4 in Fire Magic
  1563 | D:2      | Reached XP level 3. HP: 19/19 MP: 9/9
  1609 | D:2      | Reached skill level 1 in Poison Magic
  1609 | D:2      | Reached skill level 1 in Evocations
  1709 | D:2      | Found a runed translucent door.
  1710 | D:2      | Noticed Crazy Yiuf
  2114 | D:2      | Found a glowing silver altar of Zin.
  2479 | D:2      | Killed Crazy Yiuf
  2480 | D:2      | Reached XP level 4. HP: 8/24 MP: 8/11
  2744 | D:3      | Learned a level 4 spell: Flame Wave
  3351 | D:3      | Found a faded altar of an unknown god.
  3863 | D:4      | Reached skill level 5 in Fire Magic
  3863 | D:4      | Reached XP level 5. HP: 28/28 MP: 12/12
  3909 | D:4      | Found a staircase to the Ecumenical Temple.
  3938 | Temple   | Entered the Ecumenical Temple
  4193 | Temple   | Became a worshipper of Vehumet
  4779 | D:4      | Noticed Sigmund
  4786 | D:4      | Killed Sigmund
  4787 | D:4      | Reached skill level 6 in Fire Magic
  4787 | D:4      | Reached XP level 6. HP: 26/32 MP: 13/13
  5022 | D:5      | Entered Level 5 of the Dungeon
  5087 | D:5      | Reached skill level 7 in Fire Magic
  5106 | D:5      | You fall into a shaft and drop 2 floors!
  5175 | D:7      | Noticed a wyvern
  5177 | D:7      | Killed a wyvern
  5178 | D:7      | Reached XP level 7. HP: 36/36 MP: 14/14
  5236 | D:5      | Reached skill level 8 in Fire Magic
  5412 | D:5      | Reached skill level 1 in Necromancy
  5543 | D:5      | Reached * piety under Vehumet
  5543 | D:5      | Offered knowledge of Sandblast by Vehumet.
  6017 | D:5      | Reached XP level 8. HP: 41/41 MP: 16/16
  6290 | D:5      | Learned a level 4 spell: Corpse Rot
  6333 | D:6      | Reached skill level 1 in Air Magic
  6692 | D:6      | Reached skill level 5 in Necromancy
  7444 | D:6      | Reached ** piety under Vehumet
  7444 | D:6      | Offered knowledge of Searing Ray by Vehumet.
  7511 | D:6      | Reached XP level 9. HP: 33/45 MP: 16/17
  7719 | D:7      | Reached skill level 9 in Fire Magic
  7865 | D:7      | Found Zoat's Distillery.
  7892 | D:7      | Reached skill level 5 in Spellcasting
  8289 | D:6      | Offered knowledge of Stone Arrow by Vehumet.
  8293 | D:6      | Reached skill level 5 in Conjurations
  8296 | D:6      | Killed from afar by an orc priest

Illustrated notes

Levels and vault maps discovered:
D:1:      lemuel_arrival_funnel, layout_loops_corners
D:2:      layout_loops_corners, basic_altar, uniq_crazy_yiuf_cottage
D:3:      layout_loops_ring, basic_ecumenical_altar, hex_tiny
D:4:      layout_basic, temple_doors_ab, uniq_sigmund
D:5:      layout_rooms
D:6:      kennysheep_housing_project, layout_gridville,
          kennysheep_generic_room_13
D:7:      nicolae_cairo_tiling_large_dashed, layout_loops_ring, serial_shops,
          shop, uniq_pikel
Temple:   nicolae_temple_the_god_donut

Skill      XL: |  1  2  3  4  5  6  7  8  9 |
---------------+----------------------------+-----
Fire Magic     | 4 5 6 7 8 9 |  9.5
Poison Magic   | 1 4 |  4.3
Evocations     | 1 |  1.0
Dodging        | 3 |  3.8
Conjurations   | 2 3 4 5 |  5.0
Necromancy     | 2 5 |  5.4
Spellcasting   | 4 5 |  5.8
Air Magic      | 3 |  3.7
Fighting       | |  0.2
Staves         | |  0.2
Stealth        | |  2.4
Shields        | |  0.1

Action                   |  1- 3 |  4- 6 |  7- 9 || total
-------------------------+-------+-------+-------++-------
Melee: Staff             |    20 |    11 |    11 ||    42
 Cast: Foxfire           |    33 |    41 |    99 ||   173
       Scorch            |    14 |    17 |    37 ||    68
       Flame Wave        |       |       |    13 ||    13
       Corpse Rot        |       |       |     3 ||     3
  Use: Scroll            |     3 |     4 |     5 ||    12
Armor: Robe              |     7 |     6 |    23 ||    36
Dodge: Dodged            |    23 |    11 |    41 ||    75
Block: Buckler           |     2 |     2 |    11 ||    15
